 Dungeon Crawl Stone Soup version 0.28.0-53-g5a82cb258f (webtiles) character file.

Game seed: 7085090497954389185

4561 derpindaisy the Protected (level 10, -4/129 HPs)
             Began as a Minotaur Fighter on July 16, 2022.
             Was a High Priest of Fedhas.
             Slain by an unseen horror (5 damage)
             ... on level 9 of the Dungeon.
             The game lasted 00:20:45 (10518 turns).

derpindaisy the Protected (Minotaur Fighter)       Turns: 10518, Time: 00:20:46

Health: -4/129     AC: 25    Str: 24    XL:     10   Next: 18%
Magic:  0/9        EV:  2    Int:  5    God:    Fedhas [*****.]
Gold:   421        SH:  5    Dex: 11    Spells: 9/9 levels left

rFire   + . .      SeeInvis .   v - +2 dagger (venom)
rCold   + . .      Faith    .   c - +0 buckler
rNeg    . . .      Spirit   +   (armour currently unavailable)
rPois   +          Reflect  .   (helmet currently unavailable)
rElec   +          Harm     .   (cloak currently unavailable)
rCorr   +          Rampage  .   (gloves currently unavailable)
Will    .....      NoTele   +   (boots currently unavailable)
Stlth   ++........              s - amulet of guardian spirit
HPRegen 0.31/turn               (no ring)
MPRegen 0.11/turn               (no ring)

@: tree-form, resistant, on berserk cooldown, attractive, slowed, very slow
A: stationary, stasis, torment immunity, boosted hp, (horns 2), (retaliatory
headbutt), (hooves 1), (iridescent scales 1), (fire resistance 1), no potion
heal 1
a: Renounce Religion, Wall of Briars, Grow Ballistomycete, Overgrow, Grow Oklob


You were on level 9 of the Dungeon.
You worshipped Fedhas.
Fedhas was extremely pleased with you.
You were a tree.
You visited 1 branch of the dungeon, and saw 9 of its levels.

You collected 421 gold pieces.

Inventory:

Hand Weapons
 r - a +1 dagger of electrocution
 v - a +2 dagger of venom (weapon)
Armour
 a - +0 ice dragon scales (melded)
 c - a +0 buckler (worn)
 p - a +0 cloak (melded)
 q - a +0 pair of boots (melded)
Jewellery
 m - a ring of willpower
 s - an amulet of guardian spirit (around neck)
 x - a ring of ice
Wands
 u - a wand of charming (2)
Scrolls
 e - a scroll of brand weapon {unknown}
 f - 3 scrolls of identify
 g - 6 scrolls of enchant armour
 i - 3 scrolls of teleportation
 j - 2 scrolls of blinking
 k - a scroll of vulnerability {unknown}
 n - a scroll of amnesia {unknown}
 w - a scroll of noise {unknown}
Potions
 h - a potion of mutation
 l - 4 potions of curing
 o - a potion of attraction


   Skills:
 + Level 7.4 Fighting
 + Level 7.4(8.2) Short Blades
 + Level 5.8(7.8) Long Blades
 + Level 11.4 Armour
 + Level 2.9 Dodging
 + Level 1.6 Stealth
 + Level 7.3 Shields
 + Level 0.3 Invocations
 + Level 1.0 Evocations


You had 9 spell levels left.
You didn't know any spells.
Your spell library contained the following spells:

 Spells                   Type           Power      Damage    Failure   Level
 Frozen Ramparts          Ice            0%         1d2       89%         3
 Ice Form                 Ice/Tmut       0%         N/A       100%        4
 Summon Ice Beast         Ice/Summ       0%         N/A       100%        4


Dungeon Overview and Level Annotations

Branches:
Dungeon (9/15)             Temple (0/1) D:5
   Lair: D:8-11         Orc: D:9-12

Altars:
Ashenzari
Dithmenos
Elyvilon
Fedhas
Gozag
Zin


Innate Abilities, Weirdness & Mutations

You are a tree.
Your roots penetrate the ground, keeping you stationary.
You cannot be teleported.
You are immune to unholy pain and torment.
Your maximum health is greatly increased.
Your equipment is partially melded.
((You have a pair of horns on your head.))
((You reflexively headbutt those who attack you in melee.))
((You have large cloven feet.))
((You are partially covered in iridescent scales. (AC +2)))
((Your flesh is heat resistant. (rF+)))
Potions are less effective at restoring your health.


Message History

Things that are here:
a +0 dagger; an orc corpse You feel your anger nearly subside.
You are no longer berserk.
You are exhausted.
You feel yourself slow down. You block something's attack.
Things that are here:
a +0 hand axe; a +0 ring mail; an orc corpse Something hits you but does no damage. x2
Aiming: Charm
Press: ? - help, Shift-Dir - straight line, f - you That would be overly suicidal.
Okay, then.
Aiming: Charm
Press: ? - help, Shift-Dir - straight line Nothing appears to happen.
Something hits you but does no damage. x2
It was a potion of resistance.
You feel protected.
Something hits you but does no damage. x2
You hit something but do no damage. Your headbutt misses something.
Something hits you.
* * * LOW HITPOINT WARNING * * *
It was a potion of attraction.
You feel attractive to monsters. You block something's attack.
It was a potion of lignification.
You turn into a tree.
Your +0 cloak melds into your body.
Your +0 pair of boots melds into your body.
Your +0 ice dragon scales melds into your body.
Your roots penetrate the ground.
Something hits you but does no damage.
It was a potion of flight.
Your roots keep you in place.
Something hits you but does no damage. x2; Something is attracted toward you.
You cannot move.
You swing at nothing.
Something hits you but does no damage.
You hit something but do no damage. Something hits you but does no damage.
Something is attracted toward you.
You hit something. Something hits you.
* * * LOW HITPOINT WARNING * * *
Something hits you.
You die...
Fedhas appreciates your contribution to the ecosystem.

.....<#.....'.....≈.≈.≈#..[...##.
........#####......≈.≈.#.........
......### #........#........###
###.### #.......####......# #.#
#.......# #####.## ..# ######'##
#(# #.## #.# #.# #. #########)##
#.. .. #......♣)).#########+ ..
...........##........ ...
#..>.§......#........
#.....§..............
#..........##.......>
#######.#####........ #..#
######### #..## #.#


There were no monsters in sight!

Vanquished Creatures
  A hornet (D:7)
  6 yaks
  A water moccasin (D:9)
  Edmund (D:6)
  An orc warrior (D:9)
  3 ice beasts
  A necrophage (D:5)
  3 ogres
  2 centaurs
  A phantom (D:5)
  A bullfrog (D:8)
  2 kobold brigands (D:8)
  3 gnoll sergeants
  2 scorpions
  A wyvern zombie (D:9)
  A wyvern skeleton (D:6)
  A water moccasin skeleton (D:7)
  5 killer bees
  The ghost of Cidec the Chopper, a weakling DsFi (D:3)
  A howler monkey (D:6)
  3 centaur zombies
  A bullfrog zombie (D:4)
  5 hounds
  3 gnoll shamans
  3 orc priests
  3 jellies
  A bullfrog skeleton (D:5)
  2 iguanas (D:7)
  3 centaur skeletons
  6 orc wizards
  A killer bee zombie (D:7)
  2 hound skeletons (D:4)
  A howler monkey zombie (D:6)
  20 gnolls
  12 adders
  A shadow imp (D:7)
  A white imp (D:7)
  2 ufetubi
  A worm (D:3)
  3 dart slugs
  18 orcs
  9 ball pythons
  4 endoplasms
  2 giant cockroaches (D:2)
  15 goblins
  14 hobgoblins
  7 jackals
  16 kobolds
  3 quokkas
  6 bats
  2 frilled lizards
  5 rats
213 creatures vanquished.

Vanquished Creatures (collateral kills)
  A killer bee (D:8)
1 creature vanquished.

Vanquished Creatures (others)
  18 plants
18 creatures vanquished.

Grand Total: 232 creatures vanquished

Notes
Turn   | Place    | Note
-------+----------+-------------------------------------------
     0 | D:1      | derpindaisy the Minotaur Fighter began the quest for the
                  | Orb.
     0 | D:1      | Reached XP level 1. HP: 19/19 MP: 0/0
   282 | D:1      | Reached XP level 2. HP: 21/27 MP: 1/1
   439 | D:1      | Reached skill level 4 in Armour
   541 | D:1      | Found a faded altar of an unknown god.
   555 | D:1      | Prayed at the altar of an unknown god.
   555 | D:1      | Became a worshipper of Fedhas Madash
   555 | D:1      | Reached * piety under Fedhas
  1010 | D:1      | Reached XP level 3. HP: 31/33 MP: 2/2
  1803 | D:3      | Found a runed translucent door.
  1806 | D:3      | Reached ** piety under Fedhas
  1852 | D:3      | Reached XP level 4. HP: 31/41 MP: 3/3
  2901 | D:3      | Found a white marble altar of Elyvilon.
  2901 | D:3      | Found a blossoming altar of Fedhas.
  2901 | D:3      | Found an opulent altar of Gozag.
  3004 | D:3      | Noticed Cidec's ghost (weakling DsFi)
  3012 | D:3      | Reached *** piety under Fedhas
  3015 | D:3      | Reached XP level 5. HP: 46/47 MP: 4/4
  3021 | D:3      | Killed Cidec's ghost
  3410 | D:4      | Reached skill level 5 in Armour
  3449 | D:4      | Reached XP level 6. HP: 54/55 MP: 5/5
  3453 | D:4      | Reached skill level 5 in Long Blades
  4014 | D:4      | Found a broken altar of Ashenzari.
  4054 | D:4      | Reached skill level 1 in Short Blades
  4297 | D:4      | Gained mutation: You have large cloven feet. [potion of
                  | mutation]
  4297 | D:4      | Gained mutation: Potions are less effective at restoring
                  | your health. [potion of mutation]
  4297 | D:4      | Gained mutation: You are partially covered in iridescent
                  | scales. (AC +2) [potion of mutation]
  4297 | D:4      | Gained mutation: Your flesh is heat resistant. (rF+)
                  | [potion of mutation]
  4356 | D:5      | Entered Level 5 of the Dungeon
  4453 | D:5      | Reached skill level 5 in Fighting
  4526 | D:5      | Reached XP level 7. HP: 60/61 MP: 6/6
  4555 | D:5      | Reached skill level 6 in Armour
  4561 | D:5      | Reached skill level 1 in Dodging
  4581 | D:5      | Found a shadowy altar of Dithmenos.
  4627 | D:5      | Found a staircase to the Ecumenical Temple.
  4639 | D:5      | Reached skill level 5 in Shields
  4663 | D:5      | Reached skill level 7 in Armour
  5218 | D:6      | Reached **** piety under Fedhas
  5219 | D:6      | Reached XP level 8. HP: 54/69 MP: 5/7
  5816 | D:6      | Reached skill level 8 in Armour
  6138 | D:6      | Noticed Edmund
  6146 | D:6      | Killed Edmund
  6147 | D:6      | Reached skill level 5 in Short Blades
  6708 | D:6      | Reached skill level 9 in Armour
  7352 | D:7      | Found a glowing silver altar of Zin.
  7784 | D:7      | Reached XP level 9. HP: 75/75 MP: 8/8
  8323 | D:7      | Paralysed by a hornet for 2 turns
  8704 | D:8      | Reached skill level 10 in Armour
  8720 | D:8      | Reached skill level 1 in Stealth
  9293 | D:8      | Reached skill level 11 in Armour
  9329 | D:7      | Reached XP level 10. HP: 9/86 MP: 3/9
  9663 | D:8      | Reached skill level 1 in Evocations
  9950 | D:8      | You fall into a shaft and drop 1 floor!
 10457 | D:9      | Reached ***** piety under Fedhas
 10504 | D:9      | HP: 2/86 [something (5)]
 10512 | D:9      | HP: 1/86 [something (3)]
 10518 | D:9      | HP: 1/129 [something (3)]
 10518 | D:9      | Slain by an unseen horror

Illustrated notes

Levels and vault maps discovered:
D:1:      dpeg_arrival_rooms_with_view, layout_basic,
          ebering_ecumenical_altar_mist
D:2:      layout_rooms
D:3:      cheibrodos_greedy_goblins, layout_loops_ring,
          gammafunk_temple_overflow_claw, ebering_ghost_sewer_d,
          minmay_shallow_snake_nest
D:4:      layout_basic, ashenzari_altar_1, grunt_ministairs_4,
          minmay_misc_feat_secret_circle, roderic_serpentine_path,
          chequers_serial_rivers_micro_b
D:5:      layout_basic, lemuel_crystal_altar, minmay_temple_entry_mist
D:6:      layout_loops_ring, uniq_edmund
D:7:      layout_gridville, zin_statuary, nicolae_grassy_gnolls
D:8:      layout_rooms
D:9:      layout_roguey, nicolae_ru_path_of_blood, marbit_many_paths, uniq_erica

Skill      XL: |  1  2  3  4  5  6  7  8  9 10 |
---------------+-------------------------------+-----
Armour         | 4 5 7 9 11 | 11.4
Shields        | 4 5 6 7 |  7.3
Fighting       | 4 5 6 7 |  7.4
Long Blades    | 3 4 5 |  5.8
Short Blades   | 1 3 5 7 |  7.4
Dodging        | 1 2 |  2.9
Stealth        | 1 |  1.6
Evocations     | 1 |  1.0
Invocations    | |  0.3

Action                   |  1- 3 |  4- 6 |  7- 9 | 10-12 || total
-------------------------+-------+-------+-------+-------++-------
Melee: Long sword        |    88 |    79 |       |       ||   167
       Headbutt          |    17 |    21 |    92 |    30 ||   160
       Dagger            |       |    80 |   394 |   142 ||   616
Invok: Wall of Briars    |       |       |     2 |       ||     2
Evoke: Wand              |       |       |     5 |     1 ||     6
  Use: Potion            |       |     2 |     3 |     5 ||    10
       Scroll            |       |     2 |     2 |       ||     4
Armor: Scale mail        |    41 |       |       |       ||    41
       Chain mail        |    14 |    93 |   136 |       ||   243
       Ice dragon scales |       |       |    56 |    91 ||   147
       Skin              |       |       |       |     5 ||     5
Dodge: Dodged            |    40 |    52 |   136 |    66 ||   294
Block: Buckler           |    23 |    34 |    93 |    42 ||   192
